 Dungeon Crawl Stone Soup version 0.21-a0-521-g1cd18d1 (webtiles) character file.

89 slep the Chopper (level 4, -3/24 HPs)
             Began as a Vine Stalker Monk on Dec 6, 2017.
             Slain by a wight
             ... wielding a +5 spear of freezing
              (6 damage)
             ... on level 2 of the Dungeon.
             The game lasted 00:04:07 (847 turns).

slep the Chopper (Vine Stalker Monk)                 Turns: 847, Time: 00:04:10

Health: -3/24      AC:  5    Str: 14    XL:     4   Next: 55%
Magic:  0/5        EV: 11    Int: 10    God:
Gold:   82         SH:  0    Dex: 17    Spells: 3/3 levels left

rFire    . . .     SeeInvis .   a - +0 hand axe
rCold    . . .     Gourm    .   (no shield)
rNeg     . . .     Faith    .   g - +0 ring mail
rPois    .         Spirit   +   (no helmet)
rElec    .         Reflect  .   (no cloak)
rCorr    .         Harm     .   (no gloves)
MR       .....                  (no boots)
Stlth    ++........             (no amulet)
HPRegen  0.48/turn              (no ring)
MPRegen  0.09/turn              (no ring)

@: drained
A: fangs 2, regeneration 1, magic shield, antimagic bite, no potion heal 3, rot
immunity
a: no special abilities


You were on level 2 of the Dungeon.
You were not hungry.

You visited 1 branch of the dungeon, and saw 2 of its levels.

You collected 82 gold pieces.

Inventory:

Hand Weapons
 a - a +0 hand axe (weapon)
Armour
 b - a +0 robe
 g - a +0 ring mail (worn)
Scrolls
 d - 3 scrolls of immolation {unknown}
 e - 2 scrolls of teleportation {unknown}
 f - 2 scrolls of identify {unknown}
 h - a scroll of remove curse {unknown}
 j - a scroll of fear {unknown}
 k - a scroll of blinking {unknown}
Comestibles
 c - a bread ration
 i - 3 chunks of flesh


   Skills:
 + Level 3.2(2.6) Fighting
 + Level 3.5(3.0) Axes
 + Level 0.3(0.0) Armour
 + Level 3.1(2.5) Dodging
 + Level 2.9(2.3) Stealth


You had 3 spell levels left.
You didn't know any spells.

Dungeon Overview and Level Annotations

Branches:
Dungeon (2/15)

Altars:
Kikubaaqudgha


Innate Abilities, Weirdness & Mutations

You have extremely sharp teeth.
Your natural rate of healing is unusually fast.
When hurt, damage is shared between your health and your magic reserves.
Your bite disrupts and absorbs the magic of your enemies.
Potions cannot restore your health.
You are immune to rotting.


Message History

The wight barely misses you.
The wight hits you with a spear of freezing.
The wight freezes you. The wight hits you with a spear.
Things that are here:
2 stones; a kobold corpse You hit the wight but do no damage.
Your bite misses the wight. You closely miss the wight.
The wight barely misses you. The wight closely misses you.
The wight hits you with a spear of freezing!
You feel drained.
* * * LOW HITPOINT WARNING * * *
The wight freezes you.
* * * LOW HITPOINT WARNING * * *
You hit the wight. Your bite misses the wight.
The wight is moderately damaged.
You barely miss the wight. The wight hits you with a spear.
* * * LOW HITPOINT WARNING * * *
You feel drained.
The wight hits you with a spear of freezing.
You die...

..... .... . ... .# #..
... # .. ...# # ##.
#####z#..#
..####..####...zz..#
...#....#.....##@#
#..........###...####..
......................#
..............(########
.((..........####### #
...................# ..
...................# .#
...................#
#####.#
...................#
##.....###


You could see 3 wights.

Vanquished Creatures
  3 adders (D:2)
  An ooze (D:2)
  A worm (D:2)
  3 dart slugs (D:1)
  2 leopard geckos
  A ball python (D:1)
  3 giant cockroaches
  9 goblins
  4 hobgoblins
  5 jackals
  4 bats
  A frilled lizard (D:2)
  5 kobolds
  A rat (D:2)
43 creatures vanquished.

Notes
Turn   | Place    | Note
-------+----------+-------------------------------------------
     0 | D:1      | slep the Vine Stalker Monk began the quest for the Orb.
     0 | D:1      | Reached XP level 1. HP: 11/11 MP: 2/2
   104 | D:1      | Reached XP level 2. HP: 14/16 MP: 3/3
   285 | D:1      | Reached XP level 3. HP: 17/19 MP: 4/4
   577 | D:2      | Gained mutation: Your natural rate of healing is unusually fast. [Vine Stalker growth]
   577 | D:2      | Reached XP level 4. HP: 3/24 MP: 2/5
   588 | D:2      | HP: 1/24 [poisoned by an adder]
   706 | D:2      | Found an ancient bone altar of Kikubaaqudgha.
   847 | D:2      | Slain by a wight

Vault maps used:
D:1:      sevenhm_arrival_forest_fort_large_4
D:2:      overflow_temple_1_default, st_stairs_6

Skill      XL: |  1  2  3 |
---------------+----------+-----
Axes           | 3 |  3.5
Fighting       | 3 |  3.2
Dodging        | 3 |  3.1
Armour         | |  0.3
Stealth        | |  2.9

Action                   |  1- 3 |  4- 6 || total
-------------------------+-------+-------++-------
Melee: Hand axe          |    76 |    38 ||   114
       Bite              |    18 |     9 ||    27
 Stab: Sleeping          |     3 |       ||     3
Armor: Robe              |    14 |       ||    14
       Ring mail         |     3 |     9 ||    12
Dodge: Dodged            |    71 |    27 ||    98

Table legend:
 A = Spawn XP
 B = Non-spawn XP
 C = Spawn XP percentage of total XP
 D = Spawn monster count
 E = Non-spawn monster count
 F = Spawn count percentage of total count
 G = Total turns spent on level
                    A         B        C        D         E        F      G
               +---------+---------+-------+---------+---------+-------+---------
         Total |       0 |     128 |   0.0 |       0 |      43 |   0.0 |   847
               +---------+---------+-------+---------+---------+-------+---------
           D:1 |       0 |      52 |   0.0 |       0 |      24 |   0.0 |   506
           D:2 |       0 |      76 |   0.0 |       0 |      19 |   0.0 |   341
               +---------+---------+-------+---------+---------+-------+---------
